 Dungeon Crawl Stone Soup version 0.23.0 (webtiles) character file.

Game seed: 6402105879493403436

2167 Lobben the Archer (level 9, 0/75 HPs)
             Began as a Centaur Hunter on Feb 9, 2019.
             Slain by a centaur (9 damage)
             ... on level 7 of the Dungeon.
             The game lasted 01:11:31 (8334 turns).

Lobben the Archer (Centaur Hunter)                  Turns: 8334, Time: 01:11:32

Health: 0/75       AC:  5    Str: 16    XL:     9   Next: 10%
Magic:  9/9        EV: 11    Int: 10    God:
Gold:   390        SH:  0    Dex: 12    Spells: 8/8 levels left

rFire    . . .     SeeInvis .   b - +0 short sword
rCold    + . .     Gourm    .   (no shield)
rNeg     . . .     Faith    .   c - +0 leather armour
rPois    .         Spirit   .   (no helmet)
rElec    .         Reflect  .   (no cloak)
rCorr    .         Harm     +   D - +0 pair of gloves
MR       .....                  (no barding)
Stlth    +.........             i - amulet of harm
HPRegen  0.22/turn              C - ring of protection from cold
MPRegen  0.11/turn              (no ring)

@: very quick
A: large, hooves 3, deformed body, speed 2, tough skin 3
a: no special abilities


You were on level 7 of the Dungeon.
You were very hungry.

You visited 1 branch of the dungeon, and saw 7 of its levels.

You collected 390 gold pieces.

Inventory:

Hand Weapons
 a - a +1 shortbow
 b - a +0 short sword (weapon)
 A - a +1 dagger of venom
Missiles
 d - 83 arrows
Armour
 c - a +0 leather armour (worn)
 n - a +0 robe
 p - a +0 chain mail
 D - a +0 pair of gloves (worn)
Jewellery
 i - an amulet of harm (around neck)
 s - an uncursed ring of ice
 C - a ring of protection from cold (left hand)
Wands
 E - a wand of flame (15)
Scrolls
 g - a scroll of fog {unknown}
 m - 2 scrolls of amnesia {unknown}
 o - 2 scrolls of enchant weapon {unknown}
 q - 4 scrolls of random uselessness {unknown}
 r - 6 scrolls of teleportation
 x - 3 scrolls of magic mapping {unknown}
 y - a scroll of remove curse
 z - a scroll of fear {unknown}
Potions
 e - 4 potions of lignification
 h - a potion of magic
 k - a potion of might {unknown}
 l - 2 potions of mutation
 t - a potion of brilliance
 u - a potion of haste
 v - a potion of berserk rage {unknown}
 w - a potion of curing
Comestibles
 f - 9 rations


   Skills:
 + Level 5.8 Fighting
 + Level 4.4 Short Blades
 * Level 10.8 Bows
 + Level 4.3 Dodging
 - Level 1.2 Stealth


You had 8 spell levels left.
You didn't know any spells.
Your spell library contained the following spells:

 Spells                   Type           Power        Failure   Level  Hunger
 Animate Skeleton         Necr           N/A          43%         1    ##.....
 Apportation              Tloc           #.....       43%         1    ##.....
 Confusing Touch          Hex            #.....       43%         1    ##.....
 Summon Small Mammal      Summ           #...         43%         1    ##.....


Dungeon Overview and Level Annotations

Branches:
Dungeon (7/15)
 Temple: D:4-7

Altars:
Fedhas
Makhleb
Qazlal
Vehumet
Zin
Beogh

Annotations:
D:3 3 runed translucent doors, dopezilla's ghost, weakling VSEn
D:5 1 transporter, Necrophagist's ghost, novice GnWn


Innate Abilities, Weirdness & Mutations

You have hooves in place of feet.
Armour fits poorly on your strangely shaped body.
You cover ground very quickly.
You have extremely tough skin. (AC +3)


Message History

An adder comes into view.
The adder hisses angrily.
You hit the centaur.
The centaur is heavily wounded.
The centaur closely misses you.
The centaur hits you but does no damage.
You hit the centaur but do no damage.
The centaur is heavily wounded.
The centaur hits you!
* * * LOW HITPOINT WARNING * * *
The adder bites you but does no damage. The centaur closely misses you.
The adder bites you.
* * * LOW HITPOINT WARNING * * *
You hit the centaur. You kick the centaur.
The centaur is almost dead.
The centaur barely misses you. The adder closely misses you.
You hit the centaur but do no damage. You kick the centaur, but do no damage.
The centaur is almost dead.
The centaur hits you!
You die...

#. #...###.#. .. ##...
## .. ..# ....... ..
..### # ... .. ....
.#..# . #.. .#..# .#
###.#####....# #.##.
..##....##.....####.....
#......@c.........<.....
....##S.#..#.5.#....#...
. ####..# ......## ?
#.....H.....#
#........>.##
........... ............
#............
####........


You could see a centaur, an adder and a shadow imp.

Vanquished Creatures
  Sigmund (D:2)
  2 ice beasts (D:6)
  An orc warrior (D:6)
  6 ogres
  A black bear (D:5)
  A phantom (D:5)
  2 centaurs
  2 scorpions
  A howler monkey (D:3)
  3 crimson imps
  2 orc priests (D:6)
  A bullfrog skeleton (D:5)
  5 orc wizards
  Jessica (D:3)
  6 worker ants
  3 gnolls (D:2)
  12 adders
  2 oozes (D:1)
  3 adder skeletons
  4 worms
  4 dart slugs
  6 leopard geckos
  8 orcs
  A ball python (D:2)
  4 giant cockroaches
  13 goblins
  10 hobgoblins
  5 jackals
  7 kobolds
  2 quokkas
  5 bats
  6 frilled lizards
  A leopard gecko skeleton (D:5)
  A quokka zombie (D:5)
  10 rats
142 creatures vanquished.

Notes
Turn   | Place    | Note
-------+----------+-------------------------------------------
     0 | D:1      | Lobben the Centaur Hunter began the quest for the Orb.
     0 | D:1      | Reached XP level 1. HP: 17/17 MP: 1/1
    86 | D:1      | Reached XP level 2. HP: 25/25 MP: 2/2
   157 | D:1      | Reached skill level 1 in Stealth
   666 | D:1      | Reached XP level 3. HP: 30/30 MP: 3/3
  1840 | D:2      | Reached XP level 4. HP: 37/37 MP: 4/4
  2229 | D:2      | Reached skill level 1 in Short Blades
  2230 | D:2      | Reached skill level 6 in Bows
  2546 | D:2      | Reached XP level 5. HP: 40/45 MP: 5/5
  2647 | D:2      | Found a stormy altar of Qazlal.
  2825 | D:2      | Noticed Sigmund
  2879 | D:2      | Killed Sigmund
  2879 | D:2      | Reached XP level 6. HP: 51/51 MP: 6/6
  3669 | D:3      | Noticed Jessica
  3750 | D:3      | Reached skill level 7 in Bows
  3809 | D:3      | Killed Jessica
  4248 | D:3      | Found a runed translucent gate.
  4250 | D:3      | Found a runed translucent gate.
  4250 | D:3      | Noticed dopezilla's ghost (weakling VSEn)
  4251 | D:3      | Found a runed translucent gate.
  4252 | D:3      | Identified the cursed +0 ring mail of Ovof {rPois rN+
                  | Dex+2}
  4257 | D:3      | Found a roughly hewn altar of Beogh.
  4526 | D:4      | Reached XP level 7. HP: 59/59 MP: 7/7
  4545 | D:4      | Found a blossoming altar of Fedhas.
  4717 | D:4      | Reached skill level 8 in Bows
  5453 | D:4      | Found a glowing silver altar of Zin.
  5698 | D:5      | Entered Level 5 of the Dungeon
  5796 | D:5      | Found a transporter.
  5796 | D:5      | Noticed Necrophagist's ghost (novice GnWn)
  5796 | D:5      | Identified the +9 great mace "Lulu" {crush, *Drain +Blink
                  | +Fly rC+}
  5863 | D:5      | Found a burning altar of Makhleb.
  6057 | D:5      | Reached XP level 8. HP: 67/67 MP: 8/8
  6110 | D:5      | Reached skill level 9 in Bows
  6673 | D:5      | Reached skill level 5 in Fighting
  7171 | D:6      | Reached skill level 10 in Bows
  7854 | D:6      | Found a radiant altar of Vehumet.
  7876 | D:6      | Reached XP level 9. HP: 75/75 MP: 9/9
  8255 | D:7      | Noticed a +0 hand axe
  8255 | D:7      | Noticed a +0 hand axe
  8334 | D:7      | Slain by a centaur

Skill      XL: |  1  2  3  4  5  6  7  8 |
---------------+-------------------------+-----
Stealth        | 1 |  1.2
Dodging        | 2 3 4 |  4.3
Fighting       | 3 4 5 |  5.8
Short Blades   | 1 2 3 4 |  4.4
Bows           | 6 7 8 10 | 10.8

Action                   |  1- 3 |  4- 6 |  7- 9 || total
-------------------------+-------+-------+-------++-------
Melee: Short sword       |    79 |    77 |    77 ||   233
       Kick              |     9 |    12 |    22 ||    43
 Fire: Shortbow          |    66 |    93 |   207 ||   366
Evoke: Wand              |       |       |     2 ||     2
  Use: Scroll            |       |     6 |     6 ||    12
       Potion            |       |       |     7 ||     7
  Eat: Chunk             |     2 |     3 |     8 ||    13
       Ration            |       |     1 |       ||     1
Armor: Leather armour    |    21 |    23 |    25 ||    69
Dodge: Dodged            |    49 |    55 |    51 ||   155
